 Dungeon Crawl Stone Soup version 0.18.1-50-g88ac8fd (webtiles) character file.

370 Nordron the Changer (level 6, -4/51 HPs)
             Began as a Naga Transmuter on Sept 29, 2016.
             Slain by veneficus's ghost (8 damage)
             ... on level 4 of the Dungeon.
             The game lasted 00:19:06 (4321 turns).

Nordron the Changer (Naga Transmuter)               Turns: 4321, Time: 00:19:07

Health: -4/51      AC:  4    Str: 12 (13) XL:     6   Next: 70%
Magic:  9/9        EV:  9    Int: 12 (13) God:
Gold:   192        SH:  4    Dex: 12 (13) Spells: 2 memorised, 5 levels left

rFire  . . .     SeeInvis +       - Unarmed
rCold  + . .     Gourm    .     k - +0 leather armour
rNeg   . . .     Faith    .     e - +0 buckler
rPois  +         Spirit   .     (no helmet)
rElec  .         Dismiss  .     (no cloak)
rCorr  .         Reflect  .     r - +0 pair of gloves
SustAt .         Harm     .     (no barding)
MR     .....                    (no amulet)
Stlth  +.........               (no ring)
                                s - ring of protection from cold

@: appendage (expiring), very slow, not resistant to hostile enchantments, very
unstealthy
A: horns 2, see invisible, deformed body, poison resistance, slowness 2, slow
metabolism 1, spit poison 2, AC +2
a: Spit Poison, End Transformation


You were on level 4 of the Dungeon.
You were near starving.
You had grown temporary horns.
You visited 1 branch of the dungeon, and saw 4 of its levels.
You also visited: Ossuary.

You collected 192 gold pieces.

Inventory:

Hand Weapons
 y - a +1 falchion of slicing
 C - a +2 dagger of venom
Missiles
 a - 104 arrows
Armour
 b - a +0 robe
 e - a +0 buckler (worn)
 k - a +0 leather armour (worn)
 r - a +0 pair of gloves (worn)
 u - a +0 helmet
Jewellery
 s - a ring of protection from cold (left hand)
Scrolls
 g - 3 scrolls of remove curse {unknown}
 h - 8 scrolls of identify {unknown}
 i - 7 scrolls of random uselessness {unknown}
 j - 2 scrolls of recharging {unknown}
 l - 2 scrolls of immolation {unknown}
 m - 2 scrolls of fear {unknown}
 p - a scroll of enchant weapon {unknown}
 q - a scroll of fog {unknown}
 t - 2 scrolls of noise {unknown}
 E - a scroll of teleportation {unknown}
Potions
 n - 5 potions of curing
 v - a potion of beneficial mutation {unknown}
 w - 10 potions of degeneration
 x - 2 potions of agility {unknown}
 B - 2 potions of mutation {unknown}
 D - 2 potions of brilliance {unknown}
 F - a potion of magic {unknown}
Books
 c - a book of Changes

   Spells                             Type                      Level
   a - Beastly Appendage              Transmutation                1
   b - Sticks to Snakes               Transmutation                2
   c - Spider Form                    Transmutation/Poison         3
   d - Ice Form                       Ice/Transmutation            4
   e - Blade Hands                    Transmutation                5
Comestibles
 d - 3 bread rations
 f - 7 fruits
 z - a slice of pizza
 A - a beef jerky


   Skills:
 - Level 1.0 Fighting
 + Level 2.1 Armour
 - Level 1.5 Dodging
 + Level 2.3 Shields
 + Level 4.2 Unarmed Combat
 - Level 2.0 Spellcasting
 * Level 4.3 Transmutations


You had 5 spell levels left.
You knew the following spells:

 Your Spells              Type           Power        Failure   Level  Hunger
a - Beastly Appendage     Trmt           ##....       8%          1    ##.....
b - Spider Form           Trmt/Pois      #.........   45%         3    ####...


Dungeon Overview and Level Annotations

Branches:
Dungeon (4/15)
 Temple: D:4-7

Altars:
Okawaru

Annotations:
D:3 1 exclusion
D:4 veneficus's ghost, amateur MiFi


Innate Abilities, Weirdness & Mutations

You cannot wear boots.
Your serpentine skin is tough (AC +2).
You have supernaturally acute eyesight.
Armour fits poorly on your strangely shaped body.
Your system is resistant to poisons.
You cover ground very slowly.
You have a slow metabolism.
You can spit poison.
You have a pair of horns on your head.


Message History

Veneficus's ghost hits you!
* * * LOW HITPOINT WARNING * * *
You hit veneficus's ghost but do no damage.
Veneficus's ghost is moderately damaged.
Your transformation is almost over.
Veneficus's ghost closely misses you.
You hit veneficus's ghost.
Veneficus's ghost is moderately damaged.
Veneficus's ghost hits you!
* * * LOW HITPOINT WARNING * * *
You hit veneficus's ghost.
Veneficus's ghost is heavily damaged.
Veneficus's ghost hits you.
* * * LOW HITPOINT WARNING * * *
You closely miss veneficus's ghost. You headbutt veneficus's ghost!
Veneficus's ghost is severely damaged.
You hit veneficus's ghost.
Veneficus's ghost is severely damaged.
Veneficus's ghost hits you!
You die...

♣..♣
♣♣.♣
♣..♣
♣.♣
♣.♣♣
♣.♣
.♣♣
♣.♣ .
♣.♣
♣.♣♣
♣♣.♣♣
♣♣.♣
♣@♣♣
♣W♣
♣..
♣♣.♣
.♣ .♣
.♣ .♣


You could see veneficus's ghost.

Vanquished Creatures
  A centaur (D:3)
  2 centaur zombies (Ossuary)
  2 big kobold zombies (Ossuary)
  4 mummies (Ossuary)
  5 adders
  A worm (D:2)
  A dart slug (D:2)
  4 giant geckos
  6 orcs (D:3)
  11 bats
  A giant cockroach (D:3)
  10 goblins
  9 hobgoblins
  5 jackals (D:1)
  2 quokkas
  3 giant newts
  A gnoll zombie (Ossuary)
  A hobgoblin zombie (Ossuary)
  8 kobolds
  A kobold zombie (Ossuary)
  An orc zombie (Ossuary)
  5 rats
84 creatures vanquished.

Notes
Turn   | Place    | Note
--------------------------------------------------------------
     0 | D:1      | Nordron the Naga Transmuter began the quest for the Orb.
     0 | D:1      | Reached XP level 1. HP: 18/18 MP: 3/3
   366 | D:1      | Reached XP level 2. HP: 21/25 MP: 3/5
  1085 | D:1      | Reached XP level 3. HP: 27/31 MP: 4/6
  1116 | D:2      | Reached skill level 1 in Shields
  1477 | D:2      | Reached XP level 4. HP: 35/38 MP: 7/7
  1715 | D:2      | Reached skill level 1 in Armour
  1841 | D:2      | Learned a level 3 spell: Spider Form
  2167 | D:3      | HP: 1/38 [poisoned by an adder]
  2484 | D:3      | Noticed a centaur
  2504 | D:3      | Killed a centaur
  2504 | D:3      | Reached XP level 5. HP: 14/44 MP: 6/8
  3013 | D:3      | Found an iron altar of Okawaru.
  3593 | D:4      | Found a sand-covered staircase.
  3598 | Ossuary  | Entered an ossuary
  3627 | Ossuary  | Reached XP level 6. HP: 39/51 MP: 9/9
  4284 | D:4      | Noticed veneficus's ghost (amateur MiFi)
  4321 | D:4      | Slain by veneficus's ghost

Skill      XL: |  1  2  3  4  5  6 |
---------------+-------------------+-----
Shields        | 1 2 |  2.3
Transmutations | 3 4 |  4.3
Armour         | 1 2 |  2.1
Unarmed Combat | 4 |  4.2
Fighting       | |  1.0
Dodging        | |  1.5
Spellcasting   | |  2.0

Action                   |  1- 3 |  4- 6 || total
-------------------------+-------+-------++-------
Melee: Unarmed           |   124 |   298 ||   422
       Headbutt          |    18 |    43 ||    61
       Punch             |     1 |       ||     1
 Cast: Beastly Appendage |    21 |    43 ||    64
  Use: Potion            |       |     4 ||     4
 Stab: Sleeping          |     1 |     1 ||     2
  Eat: Chunk             |     2 |     6 ||     8
       Fruit             |       |     1 ||     1
Armor: Robe              |     6 |       ||     6
       Leather armour    |    20 |    71 ||    91
Dodge: Dodged            |    65 |   122 ||   187
Block: Buckler           |     9 |    50 ||    59
